 Dungeon Crawl Stone Soup version 0.21.1-1-g345015f (webtiles) character file.

693 gerrrit the Chopper (level 7, -13/60 HPs)
             Began as a Hill Orc Fighter on Apr 2, 2018.
             Mangled by an ogre
             ... wielding a +0 giant spiked club
              (21 damage)
             ... on level 5 of the Dungeon.
             The game lasted 00:27:50 (6177 turns).

gerrrit the Chopper (Hill Orc Fighter)              Turns: 6177, Time: 00:27:51

Health: -13/60     AC:  9    Str: 21    XL:     7   Next: 64%
Magic:  7/7        EV: 10    Int:  8    God:
Gold:   258        SH:  0    Dex: 10    Spells: 6/6 levels left

rFire    . . .     SeeInvis .   a - +0 war axe
rCold    . . .     Gourm    .   (no shield)
rNeg     . . .     Faith    .   b - +1 scale mail
rPois    +         Spirit   .   (no helmet)
rElec    .         Reflect  .   j - +0 cloak
rCorr    .         Harm     .   (no gloves)
MR       .....     Rnd*Tele +   (no boots)
Stlth    ..........             p - amulet of rage
HPRegen  0.20/turn              n - ring of poison resistance
MPRegen  0.10/turn              l - ring of teleportation

@: no status effects
A: no striking features
a: Evoke Berserk Rage


You were on level 5 of the Dungeon.
You were not hungry.

You visited 1 branch of the dungeon, and saw 5 of its levels.

You collected 258 gold pieces.

Inventory:

Hand Weapons
 a - a +0 war axe (weapon)
 q - a +2 short sword of venom
 r - a +0 shortbow
 E - a +0 battleaxe
Missiles
 x - 20 arrows
Armour
 b - a +1 scale mail (worn)
 c - a +0 shield
 j - a +0 cloak (worn)
 D - a cursed +0 helmet
Jewellery
 g - a cursed amulet of magic regeneration
 l - a ring of teleportation (right hand)
 n - a ring of poison resistance (left hand)
 p - an amulet of rage (around neck)
Wands
 A - a wand of digging (15)
Scrolls
 h - 7 scrolls of teleportation
 o - 2 scrolls of random uselessness
 z - a scroll of noise
 C - 2 scrolls of remove curse
Potions
 d - 2 potions of might
 e - 2 potions of flight {unknown}
 i - 2 potions of cancellation {unknown}
 k - a potion of agility {unknown}
 m - a potion of haste
 s - 2 potions of degeneration {unknown}
 t - a potion of heal wounds {unknown}
 u - a potion of curing {unknown}
 v - 3 potions of lignification {unknown}
 w - 3 potions of invisibility {unknown}
 B - a potion of magic {unknown}
Books
 y - a book of Changes

   Spells                             Type                      Level
   a - Beastly Appendage              Transmutation                1
   b - Sticks to Snakes               Transmutation                2
   c - Spider Form                    Transmutation/Poison         3
   d - Ice Form                       Ice/Transmutation            4
   e - Blade Hands                    Transmutation                5
Comestibles
 f - 5 rations


   Skills:
 + Level 4.9 Fighting
 + Level 6.9 Axes
 + Level 4.9 Armour
 + Level 1.2 Dodging
 + Level 0.6 Stealth
 + Level 5.6 Shields


You had 6 spell levels left.
You didn't know any spells.

Dungeon Overview and Level Annotations

Branches:
Dungeon (5/15)
 Temple: D:4-7

Altars:
Fedhas
Yredelemnul


Message History

[Y]es or [N]o only, please.
Keep disrobing?
You start removing your armour.
You continue taking off your +0 shield. x4
You finish taking off your +0 shield.
You slash the ogre!
The ogre is heavily wounded.
The ogre closely misses you.
You barely miss the ogre.
The ogre is heavily wounded.
The ogre hits you with a giant spiked club!!
You closely miss the ogre.
The ogre is heavily wounded.
The ogre hits you with a giant spiked club!!
* * * LOW HITPOINT WARNING * * *
You hit the ogre.
The ogre is heavily wounded.
You hit the ogre.
The ogre is severely wounded.
The ogre hits you with a giant spiked club!!
You die...

#.........#..#.####.##......
#.......................##..
#...#####.#..#.####.##..##..
##### #.##.### #.........
#.##.######..#..##.#
#####.##.........#..##.#
...........####.##.รท##.#
...........# #.##..##.#
......O@...# #.##..##.#
......###### #.##..##.#
###### #.##..##.# #.##..##.#
####..##.# #..##.. #......
#.###.. #.# #..


You could see an ogre.

Vanquished Creatures
  A phantom (D:5)
  A sky beast (D:5)
  A centaur (D:5)
  A scorpion (D:4)
  A crimson imp (D:5)
  A centaur zombie (D:5)
  2 hounds (D:5)
  An orc wizard (D:4)
  Jessica (D:2)
  2 worker ants
  5 adders
  2 shadow imps (D:5)
  An adder skeleton (D:5)
  2 worms (D:3)
  3 leopard geckos
  5 orcs
  10 bats
  8 giant cockroaches
  15 goblins
  10 hobgoblins
  2 jackals (D:4)
  7 kobolds
  A quokka (D:5)
  A ball python skeleton (D:4)
  8 frilled lizards
  8 rats
100 creatures vanquished.

Notes
Turn   | Place    | Note
-------+----------+-------------------------------------------
     0 | D:1      | gerrrit the Hill Orc Fighter began the quest for the Orb.
     0 | D:1      | Reached XP level 1. HP: 19/19 MP: 1/1
   253 | D:1      | Reached XP level 2. HP: 23/27 MP: 2/2
   385 | D:1      | Reached skill level 3 in Axes
   543 | D:1      | Reached XP level 3. HP: 33/33 MP: 3/3
  1257 | D:2      | Reached XP level 4. HP: 40/40 MP: 4/4
  1651 | D:2      | Noticed Jessica
  1678 | D:2      | Killed Jessica
  1678 | D:2      | Reached skill level 4 in Axes
  2538 | D:3      | Found a basalt altar of Yredelemnul.
  2749 | D:3      | Reached XP level 5. HP: 47/47 MP: 5/5
  3528 | D:4      | Reached skill level 5 in Axes
  3654 | D:4      | Reached XP level 6. HP: 40/53 MP: 6/6
  4251 | D:4      | Found a blossoming altar of Fedhas.
  4322 | D:4      | Reached skill level 5 in Shields
  4516 | D:5      | Entered Level 5 of the Dungeon
  4516 | D:5      | Noticed a phantom
  4516 | D:5      | Noticed a sky beast
  4545 | D:5      | Killed a phantom
  5048 | D:5      | Reached skill level 1 in Dodging
  5048 | D:5      | Reached XP level 7. HP: 24/60 MP: 7/7
  5355 | D:5      | Reached skill level 6 in Axes
  6177 | D:5      | Mangled by an ogre

Skill      XL: |  1  2  3  4  5  6  7 |
---------------+----------------------+-----
Fighting       | 4 |  4.9
Axes           | 3 4 5 6 |  6.9
Shields        | 4 5 |  5.6
Armour         | 4 |  4.9
Dodging        | 1 |  1.2
Stealth        | |  0.6

Action                   |  1- 3 |  4- 6 |  7- 9 || total
-------------------------+-------+-------+-------++-------
Melee: War axe           |   117 |   221 |    88 ||   426
Evoke: Wand              |       |     1 |       ||     1
  Use: Scroll            |     5 |    11 |       ||    16
  Eat: Ration            |     1 |     3 |     1 ||     5
Armor: Scale mail        |    53 |   100 |    43 ||   196
Dodge: Dodged            |    42 |    68 |    36 ||   146
Block: Shield            |    80 |   124 |    34 ||   238
